 Dungeon Crawl Stone Soup version 0.23.2-33-g5129a83 (webtiles) character file.

Game seed: 5188863474480973293

157 Aphrodieselac the Charmwright (level 5, 0/38 HPs)
             Began as a Merfolk Skald on Aug 4, 2019.
             Killed from afar by Blork the orc (6 damage)
             ... with a magic dart
             ... on level 4 of the Dungeon.
             The game lasted 00:12:02 (3151 turns).

Aphrodieselac the Charmwright (Merfolk Skald)       Turns: 3151, Time: 00:12:03

Health: 0/38       AC:  4    Str: 13    XL:     5   Next: 38%
Magic:  7/8        EV: 12    Int: 12    God:
Gold:   134        SH:  0    Dex: 13    Spells: 2/8 levels left

rFire    . . .     SeeInvis .   a - +0 spear
rCold    . . .     Gourm    .   (no shield)
rNeg     . . .     Faith    .   b - +1 leather armour
rPois    .         Spirit   .   (no helmet)
rElec    .         Reflect  .   (no cloak)
rCorr    +         Harm     .   (no gloves)
MR       .....                  (no boots)
Stlth    +.........             n - amulet of regeneration
HPRegen  0.52/turn              q - ring of resist corrosion
MPRegen  0.11/turn              (no ring)

@: lethally poisoned (0 -> -7)
A: change form in water, swift swim, stealthy swim
a: no special abilities


You were on level 4 of the Dungeon.
You were not hungry.

You visited 1 branch of the dungeon, and saw 4 of its levels.

You collected 134 gold pieces.

Inventory:

Hand Weapons
 a - a +0 spear (weapon)
Missiles
 i - 33 poisoned needles
 j - 6 tomahawks
 l - 3 javelins (quivered)
 o - 8 needles of sleeping
Armour
 b - a +1 leather armour (worn)
Jewellery
 n - an amulet of regeneration (around neck)
 q - a ring of resist corrosion (left hand)
Scrolls
 c - 3 scrolls of remove curse
 f - a scroll of identify {unknown}
 g - 2 scrolls of enchant armour
 p - a scroll of amnesia {unknown}
 r - a scroll of blinking {unknown}
 s - 3 scrolls of fear
 t - 2 scrolls of teleportation {unknown}
Potions
 e - a potion of heal wounds {unknown}
 h - 3 potions of agility {unknown}
 m - a potion of degeneration {unknown}
 u - a potion of curing
Comestibles
 d - 4 rations
 k - 2 chunks of flesh


   Skills:
 - Level 2.1 Fighting
 + Level 5.0 Polearms
 - Level 0.6 Armour
 - Level 2.6 Dodging
 - Level 2.0 Spellcasting
 * Level 5.7 Charms


You had 2 spell levels left.
You knew the following spells:

 Your Spells              Type           Power        Failure   Level  Hunger
a - Infusion              Chrm           ##..         3%          1    ##.....
b - Shroud of Golubria    Chrm/Tloc      #.........   16%         2    ###....
c - Spectral Weapon       Hex/Chrm       #.......     32%         3    ####...

Your spell library contained the following spells:

 Spells                   Type           Power        Failure   Level  Hunger
 Song of Slaying          Chrm           ##......     4%          2    ###....
 Regeneration             Chrm/Necr      #.........   32%         3    ####...


Dungeon Overview and Level Annotations

Branches:
Dungeon (4/15)
 Temple: D:4-7

Altars:
Gozag
Sif Muna
Xom

Annotations:
D:4 Blork the orc


Message History

Attack whom?
Press: ? - help, Dir - move target cursor, f/p - Blork the orc
Aim: Blork the orc, wielding a +1 short sword of venom and wearing a +2 robe of magic resistance (moderately wounded, fast)
You reach to attack!
You hit Blork the orc.
Blork the orc is moderately wounded.
You feel sick.
Blork the orc hits you with a +1 short sword of venom.
* * * LOW HITPOINT WARNING * * *
You are more poisoned.
You feel sick.
You feel sick.
Blork the orc screams, "I'll crush all your ribs!
One by one!"
Blork the orc hits you with a +1 short sword of venom.
* * * LOW HITPOINT WARNING * * *
You are lethally poisoned!
* * * LOW HITPOINT WARNING * * *
You feel sick. Blork the orc casts a spell at you. The magic dart hits you.
You die...

.......<#####.#
#############.#
#.............#
#.#############
#.# #.# #.#
#.######
#....@.#
######.# #o#
#.# #.# #.# #.#
#.# #.#


You could see Blork the orc.

Vanquished Creatures
  A hound (D:3)
  5 adders
  3 worms
  4 leopard geckos
  6 orcs (D:3)
  A giant cockroach (D:1)
  8 goblins
  6 hobgoblins
  10 jackals (D:1)
  A ball python (D:2)
  3 bats
  A frilled lizard (D:2)
  6 kobolds
  11 rats
66 creatures vanquished.

Notes
Turn   | Place    | Note
-------+----------+-------------------------------------------
     0 | D:1      | Aphrodieselac the Merfolk Skald began the quest for the
                  | Orb.
     0 | D:1      | Reached XP level 1. HP: 16/16 MP: 3/3
   126 | D:1      | Reached XP level 2. HP: 9/22 MP: 5/5
   948 | D:1      | Reached XP level 3. HP: 27/27 MP: 6/6
  1370 | D:2      | You fall through a shaft!
  1420 | D:2      | Found a deep blue altar of Sif Muna.
  1420 | D:2      | Found a shimmering altar of Xom.
  1420 | D:2      | Found a shimmering altar of Xom.
  1420 | D:2      | Found a glowing silver altar of Zin.
  1420 | D:2      | Found an opulent altar of Gozag.
  1420 | D:2      | Found a shimmering altar of Xom.
  1661 | D:2      | Reached XP level 4. HP: 21/33 MP: 7/7
  2062 | D:2      | Reached skill level 5 in Charms
  2323 | D:3      | Found an opulent altar of Gozag.
  2465 | D:3      | Reached XP level 5. HP: 23/38 MP: 1/8
  2526 | D:3      | Learned a level 2 spell: Shroud of Golubria
  2530 | D:3      | Learned a level 3 spell: Spectral Weapon
  2904 | D:3      | Reached skill level 5 in Polearms
  3122 | D:4      | Noticed Blork the orc
  3151 | D:4      | Killed from afar by Blork the orc

Skill      XL: |  1  2  3  4  5 |
---------------+----------------+-----
Charms         | 4 5 |  5.7
Polearms       | 4 5 |  5.0
Fighting       | |  2.1
Armour         | |  0.6
Dodging        | |  2.6
Spellcasting   | |  2.0

Action                   |  1- 3 |  4- 6 || total
-------------------------+-------+-------++-------
Melee: Spear             |   180 |   149 ||   329
Throw: Tomahawk          |     2 |       ||     2
 Cast: Infusion          |     4 |     6 ||    10
  Use: Scroll            |       |     5 ||     5
  Eat: Chunk             |     3 |     5 ||     8
Armor: Leather armour    |    41 |    13 ||    54
Dodge: Dodged            |   100 |    52 ||   152
